 Dungeon Crawl Stone Soup version 0.29-a0-817-g9904bce7a6 (webtiles) character file.

Game seed: 668072593783371765

5 blackman the Sneak (level 1, -1/18 HPs)
             Began as a Human Delver on July 5, 2022.
             Succumbed to an adder's poison
             ... on level 5 of the Dungeon.
             The game lasted 00:00:35 (474 turns).

blackman the Sneak (Human Delver)                    Turns: 474, Time: 00:00:36

Health: -1/18      AC:  3    Str: 12    XL:     1   Next: 88%
Magic:  1/1        EV: 12    Int: 10    God:
Gold:   23         SH:  0    Dex: 14    Spells: 0/0 levels left

rFire   . . .      SeeInvis .   a - +0 hand axe
rCold   . . .      Faith    .   (no shield)
rNeg    . . .      Spirit   .   b - +0 leather armour
rPois   .          Reflect  .   (no helmet)
rElec   .          Harm     .   (no cloak)
rCorr   .          Rampage  .   (no gloves)
Will    .....                   (no boots)
Stlth   +++.......              (no amulet)
HPRegen 0.06/turn               (no ring)
MPRegen 0.07/turn               (no ring)

@: lethally poisoned (-1 -> -8)
A: no striking features
a: no special abilities


You were on level 5 of the Dungeon.
You visited 1 branch of the dungeon, and saw 1 of its levels.

You collected 23 gold pieces.

Inventory:

Hand Weapons
 a - a +0 hand axe (weapon)
Armour
 b - a +0 leather armour (worn)
Wands
 g - a wand of digging (2)
 j - a wand of polymorph (9)
Scrolls
 c - a scroll of fog
 d - a scroll of magic mapping
 e - a scroll of fear
 h - a scroll of vulnerability {unknown}
Potions
 f - a potion of haste
 i - a potion of flight {unknown}


   Skills:
 - Level 3.0 Fighting
 - Level 2.0 Axes
 - Level 2.0 Dodging
 - Level 5.0 Stealth
 + Level 1.3 Evocations


You couldn't memorise any spells.
You didn't know any spells.
Your spell library was empty.

Dungeon Overview and Level Annotations

Branches:
Dungeon (5/15)
 Temple: D:4-7

Altars:
Elyvilon


Message History

The adder is heavily wounded.
The adder bites you but does no damage.
You hit the adder but do no damage.
The adder is heavily wounded.
The adder bites you but does no damage. The adder closely misses you.
You barely miss the adder.
The adder is heavily wounded.
The adder bites you but does no damage.
You barely miss the adder.
The adder is heavily wounded.
The adder barely misses you. The adder bites you.
You hit the adder.
The adder is heavily wounded.
The adder bites you but does no damage.
You hit the adder.
The adder is almost dead.
The adder bites you.
You are poisoned.
The adder poisons you! The adder bites you.
You are more poisoned.
The adder poisons you!
You closely miss the adder.
The adder is almost dead.
You feel very sick. The adder bites you.
You are lethally poisoned!
The adder poisons you! The adder bites you but does no damage.
You barely miss the adder.
The adder is almost dead.
* * * LOW HITPOINT WARNING * * *
You feel very sick. The adder bites you but does no damage.
You closely miss the adder.
The adder is almost dead.
* * * LOW HITPOINT WARNING * * *
You feel sick. The adder misses you. The adder bites you.
* * * LOW HITPOINT WARNING * * *
You hit the adder.
You kill the adder!
You die...

......#≈≈...≈≈≈≈≈≈≈≈≈≈≈≈
#≈⌠._.............
#≈≈...≈≈≈≈≈≈≈≈≈≈≈≈
##≈≈⌠≈≈##.P#.P#..#
##≈≈≈###......... #####
#.######## ##+## ##.#
#...######..#
#..@.......##
.........#######
.........# .........#
##########


There were no monsters in sight!

Vanquished Creatures
  An adder (D:5)
  4 jackals (D:5)
5 creatures vanquished.

Vanquished Creatures (others)
  7 plants (D:5)
7 creatures vanquished.

Grand Total: 12 creatures vanquished

Notes
Turn   | Place    | Note
-------+----------+-------------------------------------------
     0 | D:5      | blackman the Human Delver began the quest for the Orb.
     0 | D:5      | Reached XP level 1. HP: 18/18 MP: 1/1
    80 | D:5      | Reached skill level 1 in Evocations
   407 | D:5      | Found a white marble altar of Elyvilon.
   474 | D:5      | Succumbed to an adder's poison

Illustrated notes

Levels and vault maps discovered:
D:5:      layout_gridville, nicolae_elyvilon_temple_path, dk_noncrumbling_4

Skill      XL: |  1 |
---------------+----+-----
Evocations     | 1 |  1.3
Fighting       | |  3.0
Axes           | |  2.0
Dodging        | |  2.0
Stealth        | |  5.0

Action                   || total
-------------------------++-------
Melee: Hand axe          ||    36
Evoke: Wand              ||     1
 Stab: Sleeping          ||     1
Armor: Leather armour    ||    16
Dodge: Dodged            ||    20

Table legend: (Time is in decaauts)
 A = Elapsed time spent in this place.
 B = Non-inter-level travel time spent in this place.
 C = Inter-level travel time spent in this place.
 D = Time resting spent in this place.
 E = Time spent auto-exploring this place.
 F = Levels seen in this place.
 G = Mean time per level.
                   A        B        C        D        E       F      G
               +--------+--------+--------+--------+--------+-----+--------+
         Total |    481 |    459 |     22 |    310 |     57 |   1 |  481.0 |
       Dungeon |    481 |    459 |     22 |    310 |     57 |   1 |  481.0 |
               +--------+--------+--------+--------+--------+-----+--------+

Top non-repeatable levels by time:
     D:5: 481 daAuts
